 Dungeon Crawl Stone Soup version 0.30-a0-4-ga7cffc901d (webtiles) character file.

Game seed: 5867337633606678620

3322 frimble the Slasher (level 9, -1/64 HPs)
             Began as a Demonspawn Earth Elementalist on Aug 21, 2022.
             Was an Elder of Cheibriados.
             Killed by divine providence
             ... invoked by an orc priest
              (10 damage)
             ... on level 8 of the Dungeon.
             The game lasted 00:11:31 (11757 turns).

frimble the Slasher (DsEE)                         Turns: 11757, Time: 00:11:32

Health: -1/64      AC: 10    Str: 19    XL:     9   Next: 71%
Magic:  4/4        EV: 12    Int: 28    God:    Cheibriados [****..]
Gold:   365        SH: 12    Dex: 32    Spells: 11/12 levels left

rFire   . . .      SeeInvis .    n - +5 demon blade (antimagic)
rCold   . . .      Faith    .    j - +0 buckler
rNeg    . . .      Spirit   .    y - +0 troll leather armour
rPois   .          Reflect  .    (helmet restricted)
rElec   .          Harm     .    (no cloak)
rCorr   .          Rampage  .    (no gloves)
Will    .....                    (no boots)
Stlth   +++.......               (no amulet)
HPRegen 0.20/turn                d - ring of flight
MPRegen 0.09/turn                h - +6 ring of dexterity

@: flying, very slow
A: antennae 1, yellow scales 1, icemail 1, powered by pain 2, condensation
shield
a: Renounce Religion, Bend Time, Temporal Distortion, Slouch


You were on level 8 of the Dungeon.
You worshipped Cheibriados.
Cheibriados was greatly pleased with you.
You visited 1 branch of the dungeon, and saw 8 of its levels.

You collected 1234 gold pieces.
You spent 869 gold pieces at shops.

Inventory:

Hand Weapons
 c - a +0 short sword
 k - the +3 dagger of World Downfall {flame, Int+2 Dex+4}
   (You found it on level 4 of the Dungeon)

   It burns those it strikes, dealing additional fire damage.
   Int:       It affects your intelligence (+2).
   Dex:       It affects your dexterity (+4).
 n - a +5 antimagic demon blade (weapon)
Missiles
 g - 2 throwing nets
Armour
 a - a +0 robe
 f - a +1 pair of boots
 i - a +1 helmet
 j - a +0 buckler (worn)
 y - a +0 troll leather armour (worn)
Jewellery
 d - a ring of flight (left hand)
 h - a +6 ring of dexterity (right hand)
 l - a ring of protection from cold
Wands
 b - a wand of flame (10)
 s - a wand of iceblast (12)
 t - a wand of quicksilver (3)
Scrolls
 p - 2 scrolls of amnesia
 q - 2 scrolls of summoning
 x - a scroll of poison
Potions
 e - 2 potions of flight
 m - 4 potions of curing
 o - a potion of attraction {unknown}
 r - a potion of brilliance
 u - a potion of mutation {unknown}
 v - a potion of resistance
 w - 2 potions of might


   Skills:
 - Level 3.3 Fighting
 - Level 3.6(5.4) Short Blades
 + Level 6.3(6.8) Long Blades
 - Level 1.8 Dodging
 - Level 1.8 Stealth
 - Level 6.0 Shields
 - Level 2.0 Spellcasting
 - Level 3.3 Transmutations
 - Level 4.2 Earth Magic
 + Level 5.4 Invocations
 + Level 4.1 Evocations


You had 11 spell levels left.
You knew the following spells:

 Your Spells              Type           Power      Damage    Failure   Level
a - Sandblast             Erth           52%        2d12      2%          1

Your spell library contained the following spells:

 Spells                   Type           Power      Damage    Failure   Level
 Passwall                 Tmut/Erth      19%        N/A       4%          2
 Sting                    Tmut/Pois      48%        1d5       7%          1
 Stone Arrow              Conj/Erth      28%        3d8       17%         3
 Ensorcelled Hibernation  Hex/Ice        4%         N/A       21%         2
 Poisonous Vapours        Pois/Air       4%         N/A       21%         2
 Scorch                   Fire           4%         2d5       21%         2
 Spider Form              Tmut/Pois      12%        N/A       22%         3
 Petrify                  Tmut/Erth      23%        N/A       28%         4
 Call Canine Familiar     Summ           2%         N/A       38%         3
 Portal Projectile        Hex/Tloc       4%         N/A       38%         3
 Leda's Liquefaction      Hex/Erth       7%         N/A       50%         4
 Anguish                  Hex/Necr       1%         N/A       80%         4
 Flame Wave               Conj/Fire      2%         2d4       80%         4
 Olgreb's Toxic Radiance  Pois           2%         N/A       80%         4
 Summon Cactus Giant      Summ           1%         N/A       100%        6


Dungeon Overview and Level Annotations

Branches:
Dungeon (8/15)             Temple (0/1) D:6
   Lair: D:8-11

Altars:
Cheibriados
Fedhas
Gozag
Hepliaklqana
Qazlal
Yredelemnul

Shops:
D:1 *


Innate Abilities, Weirdness & Mutations

You have a pair of small antennae on your head.
You are partially covered in yellow scales. (AC +2)
A meltable icy envelope protects you from harm. (AC +4)
You sometimes gain power by taking damage.
A meltable shield of frost defends you. (SH +4)


Message History

Okay, then.
Unknown command.
You closely miss the orc warrior.
An orc comes into view.
It is wielding a +2 flail of protection.
The orc warrior hits you with a +0 scimitar.
You hit the orc warrior.
The orc warrior is lightly wounded.
You block the orc warrior's attack.
You slash the orc warrior!
The orc warrior is heavily wounded.
The orc warrior closely misses you.
You slash the orc warrior!
The orc warrior is almost dead.
The orc warrior barely misses you.
You closely miss the orc warrior.
The orc warrior is almost dead.
You block the orc's attack. The orc warrior completely misses you.
You slash the orc warrior!
You kill the orc warrior!
Cheibriados thoroughly appreciates the change of pace.
The orc hits you with a +2 flail of protection.
Your Evocations skill increases to level 4!
You hit the orc.
The orc is almost dead.
You block the orc's attack.
An orc priest comes into view. It is wielding a +0 flail.
You slash the orc!
You kill the orc!
Cheibriados appreciates the change of pace.
The orc priest barely misses you.
Things that are here:
a +2 flail of protection; a +0 leather armour You barely miss the orc priest.
The orc priest mumbles some strange prayers to Beogh against you.
Beogh smites you!
* * * LOW HITPOINT WARNING * * *
You barely miss the orc priest.
The orc priest mumbles some strange prayers to Beogh against you.
Beogh smites you!
You die...

##. #####..
#..... ....#
#...# #.o.#
#)@.##
#†...#######.
#
#............
#.#...####...#
#.#....##.....
#...##.#...#
###.)#....#
###))[..#
#...).).#


You could see an orc priest.

Vanquished Creatures
  A troll (D:8)
  Grinder (D:6)
  Eustachio (D:6)
  A steam dragon (D:7)
  Edmund (D:5)
  Duvessa (D:6)
  A water moccasin (D:6)
  2 black bears
  An orc warrior (D:8)
  An ice beast (D:5)
  A sky beast (D:7)
  An ogre (D:5)
  A phantom (D:6)
  A bullfrog (D:6)
  2 kobold brigands
  A gnoll sergeant (D:8)
  Blork the orc (D:5)
  A necrophage (D:5)
  3 scorpions
  Dowan (D:6)
  A wight (D:7)
  4 jellies
  2 killer bees
  An electric eel (D:7)
  2 orc priests (D:3)
  Terence (D:2)
  3 iguanas
  2 orc wizards (D:2)
  Natasha (D:2)
  Robin (D:4)
  10 gnolls
  9 adders
  A shadow imp (D:7)
  2 white imps (D:7)
  5 worms
  3 dart slugs
  27 orcs
  13 ball pythons
  4 bats
  9 endoplasms
  3 giant cockroaches
  5 hobgoblins
  2 quokkas (D:1)
  5 frilled lizards
  10 goblins
  17 kobolds
  5 rats
  3 bushes (D:3)
175 creatures vanquished.

Vanquished Creatures (collateral kills)
  A wyvern (D:7)
1 creature vanquished.

Vanquished Creatures (others)
  19 plants (D:3)
19 creatures vanquished.

Grand Total: 195 creatures vanquished

Notes
Turn   | Place    | Note
-------+----------+-------------------------------------------
     0 | D:1      | frimble the Demonspawn Earth Elementalist began the quest
                  | for the Orb.
     0 | D:1      | Reached XP level 1. HP: 13/13 MP: 3/3
   112 | D:1      | Reached skill level 1 in Transmutations
   129 | D:1      | You fall into a shaft and drop 1 floor!
   327 | D:2      | Gained mutation: You sometimes gain a little power by
                  | taking damage. [demonic ancestry]
   327 | D:2      | Reached XP level 2. HP: 4/19 MP: 0/5
   887 | D:2      | Found a snail-covered altar of Cheibriados.
   906 | D:2      | Became a worshipper of Cheibriados the Contemplative
  1377 | D:2      | Gained mutation: You are partially covered in yellow
                  | scales. (AC +2) [demonic ancestry]
  1377 | D:2      | Reached XP level 3. HP: 13/24 MP: 3/6
  1457 | D:2      | Reached skill level 1 in Short Blades
  1629 | D:2      | Reached XP level 4. HP: 13/30 MP: 1/7
  2354 | D:2      | Reached XP level 5. HP: 35/35 MP: 4/8
  2438 | D:2      | Noticed Natasha
  2447 | D:2      | Killed Natasha
  2447 | D:2      | Reached * piety under Cheibriados
  2769 | D:1      | Found Tenog's General Store.
  3562 | D:3      | Found a faded altar of an unknown god.
  3741 | D:3      | Reached skill level 1 in Shields
  3741 | D:3      | Gained mutation: You sometimes gain power by taking damage.
                  | [demonic ancestry]
  3741 | D:3      | Reached XP level 6. HP: 24/41 MP: 1/9
  4030 | D:3      | Noticed Terence
  4370 | D:4      | Found an opulent altar of Gozag.
  4573 | D:4      | Identified the +3 dagger of World Downfall {flame, Int+2
                  | Dex+4}
  4690 | D:4      | Reached ** piety under Cheibriados
  4702 | D:4      | Noticed Robin
  4718 | D:5      | Entered Level 5 of the Dungeon
  4950 | D:5      | Noticed Edmund
  4961 | D:5      | Killed Edmund
  4962 | D:5      | Reached skill level 1 in Fighting
  5301 | D:5      | Noticed an ice beast
  5327 | D:4      | Found a blossoming altar of Fedhas.
  5403 | D:4      | Gained mutation: A meltable shield of frost defends you.
                  | (SH +4) [demonic ancestry]
  5403 | D:4      | Reached XP level 7. HP: 47/49 MP: 10/10
  5574 | D:4      | Killed Robin
  6261 | D:2      | Killed Terence
  6621 | D:3      | Identified a scroll of acquirement
  6621 | D:3      | Acquired 753 gold pieces
  6628 | D:3      | Found a hazy altar of Hepliaklqana.
  6743 | D:1      | Bought a +5 antimagic demon blade for 792 gold pieces
  6744 | D:1      | Bought a potion of curing for 33 gold pieces
  6744 | D:1      | Bought a scroll of fear for 44 gold pieces
  6969 | D:5      | Found a stormy altar of Qazlal.
  6988 | D:5      | Noticed Blork the orc
  6997 | D:5      | Killed Blork the orc
  7227 | D:5      | Reached skill level 1 in Long Blades
  7259 | D:5      | Noticed Duvessa
  7261 | D:5      | Noticed Dowan
  7778 | D:6      | Gained mutation: A meltable icy envelope protects you from
                  | harm. (AC +4) [demonic ancestry]
  7778 | D:6      | Reached XP level 8. HP: 55/58 MP: 3/11
  7779 | D:6      | Reached *** piety under Cheibriados
  7849 | D:6      | Noticed Eustachio
  7859 | D:6      | Killed Eustachio
  8066 | D:6      | Noticed Grinder
  8077 | D:6      | Paralysed by Grinder for 3 turns
  8088 | D:6      | Killed Grinder
  8089 | D:6      | Reached skill level 5 in Shields
  8529 | D:6      | Found a staircase to the Ecumenical Temple.
  8784 | D:6      | Killed Dowan
  8788 | D:6      | Killed Duvessa
  9197 | D:5      | Reached skill level 5 in Long Blades
  9349 | D:5      | Found a basalt altar of Yredelemnul.
  9353 | D:5      | Reached skill level 1 in Invocations
  9353 | D:5      | Gained mutation: You have a pair of small antennae on your
                  | head. [demonic ancestry]
  9353 | D:5      | Reached XP level 9. HP: 50/64 MP: 4/12
  9554 | D:5      | Reached skill level 1 in Evocations
  9678 | D:7      | HP: 3/61 [wight/+0 spear (6)]
 10005 | D:7      | Reached **** piety under Cheibriados
 11717 | D:8      | Noticed a troll
 11734 | D:8      | Killed a troll
 11735 | D:8      | Reached skill level 5 in Invocations
 11757 | D:8      | Killed from afar by an orc priest

Illustrated notes

Levels and vault maps discovered:
D:1:      kilobyte_arrival_exit_the_forest, layout_rooms, serial_shops,
          nicolae_shop_waterfront, minmay_pentomino_u4
D:2:      layout_loops_ring, basic_altar, uniq_natasha
D:3:      cheibrodos_pilgrimage, layout_rooms, nicolae_hepliaklqana_hippocampus,
          serial_forest, infiniplex_forest_lined_room_2,
          infiniplex_forest_lined_corner, infiniplex_forest_split,
          infiniplex_forest_clump_tiny, infiniplex_forest_clump_cross,
          dilly_ecumenical_altar_fadedgnrine, uniq_terence
D:4:      layout_basic, grunt_gozag_breadcrumbs, marbit_many_paths, uniq_robin
D:5:      layout_basic, kennysheep_ying_yang, mainiacjoe_overflow_chevrons,
          uniq_edmund, uniq_blork_the_orc, uniq_duvessa
D:6:      layout_basic, lemuel_temple_firewalk_a, uniq_grinder, uniq_eustachio
D:7:      layout_basic, dreamdust_wishing_well, minmay_crystal_water,
          nrook_loot_triangle, minmay_fractal_squares_diagonal_5
D:8:      layout_rooms, minmay_lair_entry_grove

Skill      XL: |  1  2  3  4  5  6  7  8  9 |
---------------+----------------------------+-----
Transmutations | 1 2 3 |  3.3
Earth Magic    | 3 4 |  4.2
Short Blades   | 1 2 3 |  3.6
Shields        | 1 2 3 5 6 |  6.0
Fighting       | 1 3 |  3.3
Long Blades    | 2 5 6 |  6.3
Invocations    | 1 5 |  5.4
Evocations     | 4 |  4.1
Dodging        | |  1.8
Stealth        | |  1.8
Spellcasting   | |  2.0

Action                   |  1- 3 |  4- 6 |  7- 9 || total
-------------------------+-------+-------+-------++-------
Melee: Unarmed           |    14 |       |       ||    14
       Short sword       |    32 |   130 |       ||   162
       Punch             |     1 |     1 |       ||     2
       Dagger            |       |    21 |    55 ||    76
       Demon blade       |       |       |   289 ||   289
 Cast: Sandblast         |    37 |    33 |     5 ||    75
Evoke: Wand              |       |       |     4 ||     4
  Use: Potion            |     1 |     5 |     5 ||    11
       Scroll            |       |     8 |     9 ||    17
 Stab: Sleeping          |     1 |    10 |     9 ||    20
       Distracted        |       |       |     2 ||     2
Armor: Robe              |    14 |    49 |    67 ||   130
Dodge: Dodged            |    64 |    83 |   149 ||   296
Block: Buckler           |       |       |   167 ||   167

Table legend: (Time is in decaauts)
 A = Elapsed time spent in this place.
 B = Non-inter-level travel time spent in this place.
 C = Inter-level travel time spent in this place.
 D = Time resting spent in this place.
 E = Time spent auto-exploring this place.
 F = Levels seen in this place.
 G = Mean time per level.
                   A        B        C        D        E       F      G
               +--------+--------+--------+--------+--------+-----+--------+
         Total |  14683 |  13884 |    799 |    314 |  11815 |   8 | 1835.4 |
       Dungeon |  14683 |  13884 |    799 |    314 |  11815 |   8 | 1835.4 |
               +--------+--------+--------+--------+--------+-----+--------+

Top non-repeatable levels by time:
     D:2: 3251 daAuts
     D:7: 2738 daAuts
     D:6: 2235 daAuts
     D:5: 2041 daAuts
     D:3: 1657 daAuts
     D:4: 1481 daAuts
     D:1: 1171 daAuts
     D:8: 106 daAuts
